 Dungeon Crawl Stone Soup version 0.30.0-19-g36f170ea60 (webtiles) character file.

Game seed: 1982173788021507480

142 xSliceyx the Magician (level 5, 35/35 HPs)
             Began as a Djinni Hedge Wizard on May 29, 2023.
             Quit the game on level 3 of the Dungeon.
             The game lasted 00:04:43 (2538 turns).

xSliceyx the Magician (Djinni Hedge Wizard)         Turns: 2538, Time: 00:04:44

Health: 35/35      AC:  3    Str:  9    XL:     5   Next: 49%
Gold:   125        EV: 27    Int: 18    God:
                   SH:  0    Dex: 12

rFire   + + .        a - +4 mace of Taxation {flame, +Blink rN+}
rCold   x . .        (no shield)
rNeg    + . .        b - +0 robe
rPois   ∞            c - +0 hat
rElec   .            e - +0 cloak
rCorr   .            (no gloves)
SInv    .            (boots unavailable)
Will    .....        n - amulet of the acrobat
Stlth   ++           (no ring)
HPRegen 0.25/turn    (no ring)
MPRegen 0.00/turn

%: acrobat
@: acrobatic, flying
A: sickness immunity, fire resistance 2, cold vulnerability 1, float, innate
caster, HP casting, extra vitality 1
a: Evoke Blink


You were on level 3 of the Dungeon.
You visited 1 branch of the dungeon, and saw 3 of its levels.

You collected 125 gold pieces.

Inventory:

Hand Weapons
 a - the +4 mace of Taxation (weapon) {flame, +Blink rN+}
   (You found it on level 3 of the Dungeon)

   rN:        It protects you from negative energy.
   +Blink:    It lets you blink.
Armour
 b - a +0 robe (worn)
 c - a +0 hat (worn)
 e - a +0 cloak (worn)
Jewellery
 n - an amulet of the acrobat (around neck)
Scrolls
 d - 4 scrolls of identify {unknown}
 f - a scroll of amnesia {unknown}
 o - a scroll of poison {unknown}
Potions
 g - 3 potions of curing {unknown}
 h - a potion of might {unknown}
 i - 2 potions of berserk rage {unknown}
 j - a potion of attraction {unknown}
 k - a potion of invisibility {unknown}
 l - a potion of magic {unknown}
 m - a potion of brilliance {unknown}


   Skills:
 - Level 2.1 Dodging
 - Level 1.5 Stealth
 + Level 4.4 Spellcasting


You knew the following spells:

 Your Spells              Type           Power      Damage    Failure   Level
a - Magic Dart            Conj           80%        1d7       2%          1
b - Slow                  Hex            80%        N/A       2%          1
c - Blink                 Tloc           40%        N/A       3%          2
d - Call Imp              Summ           40%        N/A       3%          2
e - Mephitic Cloud        Conj/Pois/Air  20%        N/A       7%          3
f - Shock                 Conj/Air       80%        1d8       2%          1
g - Searing Ray           Conj           40%        2d5       3%          2
Your spell library was empty.

Dungeon Overview and Level Annotations

Branches:
Dungeon (3/15)

Altars:
Qazlal
The Shining One


Innate Abilities, Weirdness & Mutations

You are immune to sickness and miasma.
You are immune to poison.
Your flesh is very heat resistant. (rF++)
You are vulnerable to cold. (rC-)
You float through the air rather than walking.
You learn spells naturally, not from books.
Your magical power is your life essence.
You have superior vitality. (+4 MHP)


Message History

A kobold comes into view.
It is wielding a +0 short sword and quivering poisoned darts.
The zap hits the kobold but does no damage.
The zap hits the kobold!
You kill the kobold!
You can't see any susceptible monsters within range! (Use Z to cast anyway.)
A dart slug comes into view.
The zap hits the dart slug!
The dart slug is severely wounded.
The zap hits the dart slug.
You kill the dart slug!
Things that are here:
a +0 short sword; 5 poisoned darts
Found a glowing golden altar of the Shining One.
o - a scroll labelled DAERAL YREFIGE A jelly comes into view.
The jelly quivers.
The zap hits the jelly.
The jelly is lightly wounded.
The jelly misses you.
The zap hits the jelly!
The jelly is severely wounded.
The jelly hits you.
You are splashed with acid!
The zap hits the jelly.
You kill the jelly!
You can't see any susceptible monsters within range! (Use Z to cast anyway.)
You reach down and open the door.
There is an open door here.
You now have 125 gold pieces (gained 17).
There is an open door here.
You see here a bat skeleton.
You see here a bat skeleton.
You see here a bat skeleton.
As you open the door, it creaks loudly!
There is an open door here.
Done exploring.
Done exploring.
Done exploring.
You reach down and open the door.
There is an open door here.
Are you sure you want to abandon this character and quit the game? (Confirm with "yes".)

#...>.....###.##.##...# #.#
####.#.##.###.##.###### #.#
#...##.....##.# #.#
##.##########'## #.# #.# ##...##
#.# #####)### ##.....## ###.#
#.......# ##.......## ##.#.#
#.#####.####.........####....###
#)# #....'...@..>..+..........
#.# #.####.........####....###
#.# #.# ##.......## ##.#.#
#)#####.# ##.....## ###.#
#.).....## ##...## #.#
#........# ##'## #.## #.##.###.#
#.# #..# #.##.# #.# #.# ##.#
#.##.###.#######.## #.#


There were no monsters in sight!

Vanquished Creatures
  An orc priest (D:3)
  A jelly (D:3)
  An iguana (D:3)
  4 dart slugs
  3 orcs (D:3)
  6 bats
  5 endoplasms
  3 giant cockroaches
  4 goblins
  3 jackals (D:1)
  2 quokkas
  3 ball pythons
  3 frilled lizards
  4 kobolds
  3 rats
46 creatures vanquished.

Notes
Turn   | Place    | Note
-------+----------+-------------------------------------------
     0 | D:1      | xSliceyx the Djinni Hedge Wizard began the quest for the
                  | Orb.
     0 | D:1      | xSliceyx set off with the following spells memorised: Magic
                  | Dart, Slow, Blink, Call Imp, Mephitic Cloud.
     0 | D:1      | Reached XP level 1. HP: 15/15 MP: 0/0
    62 | D:1      | Reached XP level 2. HP: 19/21 MP: 0/0
   209 | D:1      | Reached skill level 3 in Spellcasting
   319 | D:1      | Reached XP level 3. HP: 21/25 MP: 0/0
   319 | D:1      | Learned a level 1 spell: Shock
  1554 | D:3      | Found a stormy altar of Qazlal.
  1571 | D:3      | Identified the +4 mace of Taxation {flame, +Blink rN+}
  1801 | D:3      | Reached XP level 4. HP: 26/31 MP: 0/0
  1973 | D:3      | Reached skill level 4 in Spellcasting
  2000 | D:3      | Reached XP level 5. HP: 31/35 MP: 0/0
  2000 | D:3      | Learned a level 2 spell: Searing Ray
  2151 | D:3      | Found a glowing golden altar of the Shining One.
  2538 | D:3      | Quit the game

Illustrated notes

Levels and vault maps discovered:
D:1:      lordsloth_arrival_two_stooges, layout_loops_ring
D:2:      layout_basic
D:3:      layout_loops_corners, mainiacjoe_overflow_catwalk,
          nicolae_tso_carved_into_rock, minmay_strange_pillars

Skill      XL: |  1  2  3  4 |
---------------+-------------+-----
Spellcasting   | 3 4 |  4.4
Dodging        | |  2.1
Stealth        | |  1.5

Action                     |  1- 3 |  4- 6 || total
---------------------------+-------+-------++-------
  Melee: Dagger            |     4 |       ||     4
         Mace              |     2 |     5 ||     7
   Cast: Magic Dart        |    40 |       ||    40
         Shock             |    44 |    21 ||    65
 Armour: Robe              |     3 |     2 ||     5
  Dodge: Dodged            |    18 |     3 ||    21
